 Dungeon Crawl Stone Soup version 0.15-a0-2151-gce93697 (webtiles) character file.

64437 Sabsy the Tortoise (level 14, 113/113 HPs)
             Began as a Minotaur Chaos Knight on Apr 10, 2014.
             Was a Plaything of Xom.
             Quit the game on Level 12 of the Dungeon on July 19, 2014.
             The game lasted 03:46:04 (17336 turns).

Sabsy the Tortoise (Minotaur Chaos Knight)         Turns: 17336, Time: 03:46:04

HP 113/113       AC 27     Str 25 (27) XL: 14   Next: 71%
MP  27/27        EV  9     Int  8 (16) God: Xom
Gold 1647        SH 12     Dex  5 (10) Spells:  0 memorised, 13 levels left

rFire  + + .     SeeInvis .     a - +9 war axe "Bodwa" {chop, rF++}
rCold  . . .     Clarity  +     I - +0 plate armour
rNeg   . . .     rCorr    .     r - -1 shield
rPois  .         rRot     .     V - +1 hat {MR+}
rElec  +         Spirit   .     K - +0 cloak
SustAb .         Warding  .     N - -1 pair of gloves
rMut   .         Stasis   .     B - +2 pair of boots {+Jump}
Gourm  +                        w - amulet of Dishonour {Gourm rElec rC+}
MR     +++..                    l - ring of the Kraken {rC- MR+ Str+3}
                                Y - ring "Letsocs" {Str+2 Int+5}

@: extremely resistant to hostile enchantments, extremely unstealthy
A: retaliatory headbutt, horns 2, repulsion field 1, thin metallic scales 1,
berserk 1, blink 1, breathe flames 1, clarity, clever 1, deterioration 2, high
mp 1, shaggy fur 1, spit poison 2
a: Spit Poison, Blink, Renounce Religion, Breathe Fire, Evoke Jump Attack


You were on level 12 of the Dungeon.
You worshipped Xom.
You were a favourite toy of Xom.
You were not hungry.

You visited 2 branches of the dungeon, and saw 20 of its levels.
You also visited: Labyrinth.

You collected 1647 gold pieces.

Inventory:

Hand weapons
 a - the +9 war axe "Bodwa" (weapon) {chop, rF++}
   (You found it on level 5 of the Dungeon)

   It inflicts extra damage upon your enemies.
   It greatly protects you from fire.
 J - a +2 broad axe
Armour
 r - a -1 shield (worn)
 B - a +2 pair of boots of jumping (worn)
 I - a +0 plate armour (worn)
 K - a +0 cloak (worn)
 N - a -1 pair of gloves (worn)
 V - a +1 hat of magic resistance (worn)
Magical devices
 g - a wand of teleportation (4)
 s - a wand of heal wounds (1)
 u - a wand of disintegration (6)
 D - a wand of fireball (0)
 O - a wand of polymorph (12)
 Q - a wand of invisibility (0)
 T - a wand of lightning (0)
 W - a wand of flame (17)
 X - a wand of polymorph (1)
Comestibles
 c - 13 bread rations
 e - a fruit
 v - 6 meat rations
 C - 12 beef jerkies
Scrolls
 d - 4 scrolls of remove curse
 j - a scroll of acquirement {unknown}
 m - a scroll of silence {unknown}
 n - 3 scrolls of enchant weapon
 p - a scroll of holy word {unknown}
 q - 3 scrolls of teleportation
 t - a scroll of enchant armour
 x - 2 scrolls of blinking
 z - 2 scrolls of magic mapping
 A - a scroll of fear {unknown}
 E - 2 scrolls of fog
 G - 3 scrolls of enchant weapon
Jewellery
 f - an uncursed ring of teleportation
 k - an uncursed ring of invisibility
 l - the ring of the Kraken (right hand) {rC- MR+ Str+3}
   (You found it on level 4 of the Dungeon)

   [ring of protection from magic]

   It affects your strength (+3).
   It makes you vulnerable to cold.
   It affects your resistance to hostile enchantments.
 w - the amulet of Dishonour (around neck) {Gourm rElec rC+}
   (You found it on level 5 of the Lair of Beasts)

   [amulet of the gourmand]

   It allows you to eat raw meat even when not hungry.
   It protects you from cold.
   It insulates you from electricity.
 y - an uncursed amulet of resist corrosion
 H - the ring of Zuriwycs {Contam EV+1 SInv Stlth+}
   (You found it on level 8 of the Lair of Beasts)

   [ring of evasion]

   It affects your evasion (+1).
   It enhances your eyesight.
   It causes magical contamination when unequipped.
   It makes you more stealthy.
 Y - the ring "Letsocs" (left hand) {Str+2 Int+5}
   (You found it on level 7 of the Lair of Beasts)

   [ring of intelligence]

   It affects your strength (+2).
   It affects your intelligence (+5).
Potions
 h - 3 potions of flight {unknown}
 i - 3 potions of agility
 o - 3 potions of curing
 F - 4 potions of heal wounds
 M - a potion of berserk rage
Miscellaneous
 b - a plain deck of summonings
 L - a phial of floods
 P - a fan of gales


   Skills:
 - Level 7.1 Fighting
 - Level 15.0(15.2) Axes
   Level 6.0(9.4) Maces & Flails
 + Level 15.5 Armour
 - Level 2.1 Dodging
 + Level 15.0 Shields
 + Level 11.8 Evocations


You had 13 spell levels left.
You didn't know any spells.

Dungeon Overview and Level Annotations

Branches:
Dungeon (12/15)            Temple (0/1) D:7             Orc (0/4) D:11
   Lair (8/8) D:8           Snake (0/5) Lair:6        Slime (0/6) Lair:7
  Swamp: Lair:3-6    Shoals: Lair:3-6    Spider: Lair:3-6

Altars:
Dithmenos
Nemelex Xobeh
Xom

Shops:
D:7 *   D:12 *

Annotations:
D:3 Sabsy's ghost, average MiCK
D:5 Elizilla's ghost, experienced FoFi
D:6 Pikel; ciphuk's ghost, experienced MfIE
Lair:7 exclusion: 2 oklob plants


Innate Abilities, Weirdness & Mutations

You reflexively headbutt those who attack you in melee.
You have a pair of horns on your head.
You are surrounded by a mild repulsion field (EV +2).
You are partially covered in thin metallic scales (AC +2).
You tend to lose your temper in combat.
You can translocate small distances at will.
You can breathe flames.
You possess an exceptional clarity of mind.
Your mind is acute. (Int +2)
Your body is deteriorating.
You have an increased reservoir of magic (+10% MP).
You are covered in fur (AC +1).
You can spit moderately strong poison.


Message History

The two-headed ogre is moderately wounded.
You block the two-headed ogre's attack. The two-headed ogre barely misses you.
You slash the two-headed ogre!
The two-headed ogre is heavily wounded.
The two-headed ogre completely misses you.
The two-headed ogre closely misses you.
You slice the two-headed ogre!!
You kill the two-headed ogre!
Things that are here:
a giant spiked club; a giant club; a two-headed ogre corpse
There is an entrance to Phipp's Assorted Antiques here.
Saving game... please wait.
Welcome back, Sabsy the Minotaur Chaos Knight.
Xom snickers.
Press ? for a list of commands and other information.
Unknown command.
Welcome back, Sabsy the Minotaur Chaos Knight.
Xom snickers.
Press ? for a list of commands and other information.
Are you sure you want to abandon this character and quit the game? (Confirm with "yes".)

#...........# #.#
###...........# #.#
..............# #.#
..............# #.#
..............# #.#
....#.#####.###########.#
........................######
###########.#..########......#
................@.∩)..?.####.#
##########....∩..######## #l#
# #....>..# #u# # #.......#
#u# # #.......# #.# #
#.......# #.# #
#####.......####### #.# #
#.................# #.# ###
#...........#####.# #.#


There were no monsters in sight!

Vanquished Creatures
  A ghost moth (Lair:6)
  The ghost of Qrupt the Carver, a powerful DsCK of Xom (Lair:6)
  The ghost of therealpatrickswayze the Impaler, a powerful FoFi of Xom (Lair:3)
  Snorg (Lair:6)
  A minotaur (Lab)
  A fire dragon (Lair:8)
  2 hydras
  A centaur warrior (D:12)
  Nergalle (D:10)
  20 death yaks
  A hill giant (D:11)
  An unseen horror (D:12)
  A lindwurm (Lair:8)
  2 cyclopes
  7 elephants
  A griffon (Lair:8)
  7 black mambas
  9 spiny frogs
  A kobold demonologist (D:11)
  A fire drake (Lair:8)
  8 komodo dragons
  3 removed
  MONS_FIREFLYs (Lair:8)
  6 polar bears
  A removed MONS_FIREFLY (shapeshifter) (D:12)
  A wandering mushroom (Lair:8)
  3 two-headed ogres
  8 blink frogs (Lair:4)
  A boulder beetle (Lair:8)
  6 slime creatures (D:12)
  3 giant leeches (Lair:8)
  2 basilisks
  A trapdoor spider (D:11)
  3 removed
  MONS_BROWN_OOZEs (Lair:7)
  2 shadows (D:12)
  2 spriggans
  An ugly thing (D:12)
  A wraith (D:12)
  9 removed
  MONS_GRIZZLY_BEARs (Lair:8)
  23 yaks
  6 wyverns
  A removed MONS_SHARK (Lair:5)
  Eustachio (D:10)
  6 elephant slugs
  16 wolves
  A deep elf mage (D:10)
  2 hungry ghosts (D:9)
  5 wargs (Lair:8)
  9 hippogriffs
  An ice beast (D:12)
  10 porcupines
  13 water moccasins
  2 orc warriors
  2 sky beasts (D:9)
  3 slaves (D:6)
  4 hell hounds (Lair:8)
  5 ogres
  A tengu skeleton (D:11)
  7 black bears
  3 phantoms
  13 crocodiles
  Duvessa (D:7)
  5 brain worms (Lair:8)
  6 centaurs
  6 removed MONS_GIANT_SLUGs
  A big kobold (D:9)
  A cyclops zombie (D:12)
  10 giant frogs
  2 scorpions
  A troll zombie (D:12)
  9 wights (D:10)
  31 killer bees
  An eye of draining (D:10)
  3 goliath beetles
  Dowan (D:7)
  4 crimson imps
  An elf zombie (D:8)
  18 hounds
  A jelly (D:5)
  2 quasits
  A removed MONS_BIG_FISH (Lair:5)
  13 iguanas
  5 orc priests
  9 orc wizards
  4 worker ants
  11 sheep
  A worker ant zombie (D:10)
  15 adders
  A gnoll (D:1)
  45 green rats
  A goliath beetle zombie (D:8)
  19 worms
  An orc skeleton (D:6)
  3 giant eyeballs
  9 giant geckos
  2 oozes
  30 orcs
  A ball python (D:1)
  37 bats
  5 giant cockroaches
  13 hobgoblins
  13 quokkas
  A giant newt (D:2)
  4 goblins (D:1)
  A goblin skeleton (D:4)
  21 jackals
  16 kobolds
  A kobold zombie (D:7)
  An orc zombie (D:9)
  24 rats
  12 fungi
  18 plants
698 creatures vanquished.

Vanquished Creatures (collateral kills)
  Rupert (Lair:6)
  Fannar (D:12)
  A hydra (D:8)
  An elephant (Lair:7)
  A komodo dragon (Lair:6)
  A two-headed ogre (D:12)
  A removed MONS_BROWN_OOZE (Lair:7)
  A hippogriff (Lair:2)
  A water moccasin (Lair:2)
  An ogre (D:10)
  A wight (D:10)
  A basilisk skeleton (D:12)
  An ogre zombie (D:10)
  A green rat (Lair:7)
14 creatures vanquished.

Vanquished Creatures (others)
  A hill giant (D:12)
  2 air elementals (Lair:7)
  An ogre (D:12)
  2 crimson imps
  7 iron imps
  8 quasits
  4 shadow imps
  5 white imps
  6 ufetubi
  A fungus (D:8)
  4 plants
41 creatures vanquished.

Grand Total: 753 creatures vanquished

Notes
Turn   | Place    | Note
--------------------------------------------------------------
     0 | D:1      | Sabsy, the Minotaur Chaos Knight, began the quest for the Orb.
     0 | D:1      | Reached XP level 1. HP: 19/19 MP: 1/1
    28 | D:1      | XOM: divination: detect creatures
   100 | D:1      | Reached XP level 2. HP: 24/27 MP: 1/1
   186 | D:1      | XOM: divination: magic mapping
   322 | D:1      | Reached skill level 4 in Maces & Flails
   488 | D:1      | Reached XP level 3. HP: 30/33 MP: 2/2
   655 | D:2      | XOM: mild Ice miscast
   719 | D:2      | XOM: silly message
  1197 | D:3      | Reached skill level 1 in Shields
  1197 | D:3      | Reached XP level 4. HP: 9/40 MP: 2/2
  1197 | D:3      | HP: 1/40 [orc wizard/magic dart (8)]
  1294 | D:3      | Noticed Sabsy's ghost (average MiCK)
  1536 | D:4      | Noticed an ogre
  1572 | D:4      | XOM: harmless Hex miscast
  1574 | D:4      | Got a crude glass ring
  1578 | D:4      | XOM: chaos upgrade
  1582 | D:4      | XOM: confuse monster(s)
  1585 | D:4      | XOM: noise
  1615 | D:4      | Identified the ring of the Kraken {rC- MR+ Str+3} (You found it on level 4 of the Dungeon)
  1623 | D:4      | Reached XP level 5. HP: 45/47 MP: 2/2
  1823 | D:4      | Killed an ogre
  1823 | D:4      | Reached skill level 5 in Maces & Flails
  1851 | D:4      | XOM: give mutations
  1851 | D:4      | Gained mutation: You have an increased reservoir of magic (+10% MP). [Xom's mischief]
  1851 | D:4      | Gained mutation: You are robust (+10% HP). [Xom's mischief]
  1851 | D:4      | Gained mutation: You tend to lose your temper in combat. [Xom's mischief]
  1851 | D:4      | Gained mutation: You are partially covered in iridescent scales (AC +4). [Xom's mischief]
  1971 | D:4      | XOM: blink monster(s)
  1980 | D:5      | Entered Level 5 of the Dungeon
  1980 | D:5      | XOM: mild Conj miscast
  2001 | D:5      | Found a shimmering altar of Xom.
  2001 | D:5      | Found a shimmering altar of Xom.
  2001 | D:5      | Found a shimmering altar of Xom.
  2002 | D:5      | Found a shimmering altar of Xom.
  2002 | D:5      | Found a shimmering altar of Xom.
  2014 | D:5      | Reached skill level 5 in Fighting
  2014 | D:5      | Reached XP level 6. HP: 45/61 MP: 3/3
  2018 | D:5      | Noticed a centaur
  2021 | D:5      | Killed a centaur
  2087 | D:5      | Noticed an ogre
  2098 | D:5      | Killed an ogre
  2224 | D:5      | Noticed Elizilla's ghost (experienced FoFi)
  2225 | D:5      | XOM: silly message
  2229 | D:5      | Noticed a phantom
  2229 | D:5      | Paralysed by a giant eyeball for 4 turns
  2235 | D:5      | Paralysed by a giant eyeball for 2 turns
  2237 | D:5      | XOM: silly message
  2243 | D:5      | Noticed an ogre
  2248 | D:5      | XOM: blink monster(s)
  2456 | D:5      | Found a sparkling altar of Nemelex Xobeh.
  2466 | D:5      | Killed a phantom
  2466 | D:5      | Reached skill level 5 in Armour
  2466 | D:5      | Reached XP level 7. HP: 62/67 MP: 3/3
  2579 | D:5      | Reached skill level 6 in Maces & Flails
  2580 | D:5      | XOM: cast spell 'Blink'
  2600 | D:5      | Noticed a centaur
  2634 | D:5      | XOM: vitrification
  2665 | D:5      | Got a bloodstained war axe
  2708 | D:5      | Identified the +7,+9 war axe "Bodwa" {chop, rF++} (You found it on level 5 of the Dungeon)
  2733 | D:6      | Noticed Pikel
  2759 | D:7      | Reached skill level 1 in Axes
  2783 | D:7      | Noticed Dowan
  2784 | D:7      | Found Jatoexuy's Assorted Antiques.
  2785 | D:7      | Noticed Duvessa
  2789 | D:7      | XOM: destruction
  2789 | D:7      | Killed Duvessa
  2800 | D:7      | Killed Dowan
  2859 | D:7      | Found a staircase to the Ecumenical Temple.
  2869 | D:7      | XOM: noise
  2936 | D:7      | XOM: 1-stop teleportation journey
  3220 | D:6      | XOM: give mutations
  3220 | D:6      | Gained mutation: You have a fast metabolism. [Xom's mischief]
  3220 | D:6      | Lost mutation: You are partially covered in iridescent scales (AC +4). [Xom's mischief]
  3225 | D:6      | XOM: summons friendly ufetubus
  3226 | D:6      | XOM: enchant monster (bad)
  3316 | D:6      | Noticed ciphuk's ghost (experienced MfIE)
  3317 | D:6      | XOM: enchant monster (good)
  3400 | D:8      | Reached XP level 8. HP: 73/78 MP: 3/3
  3415 | D:8      | Found a staircase to the Lair.
  3467 | D:8      | XOM: give mutations
  3467 | D:8      | Lost mutation: You have a fast metabolism. [Xom's mischief]
  3467 | D:8      | Lost mutation: You are robust (+10% HP). [Xom's mischief]
  3467 | D:8      | Gained mutation: You can spit poison. [Xom's mischief]
  3560 | D:8      | XOM: 1-stop teleportation journey
  3586 | D:8      | Reached skill level 5 in Shields
  3673 | D:8      | Noticed a yak
  3681 | D:8      | XOM: summons friendly quasit
  3695 | D:8      | Killed a yak
  3695 | D:8      | Reached skill level 7 in Fighting
  3695 | D:8      | Reached skill level 5 in Axes
  3823 | D:8      | XOM: potion effect (berserk rage)
  3825 | D:8      | XOM: summons friendly crimson imp
  4100 | D:8      | Reached XP level 9. HP: 73/79 MP: 4/4
  4201 | D:8      | Noticed a wyvern
  4213 | D:8      | Killed a wyvern
  4213 | D:8      | Reached skill level 8 in Armour
  4312 | D:8      | XOM: harmless Divn miscast
  4519 | D:9      | Noticed a six-headed hydra
  4584 | Lair:1   | Entered Level 1 of the Lair of Beasts
  4655 | Lair:1   | XOM: give mutation
  4655 | Lair:1   | Gained mutation: You have sharp toenails. [Xom's grace]
  4785 | Lair:1   | Reached skill level 1 in Evocations
  5071 | Lair:1   | Noticed a black mamba
  5080 | Lair:1   | XOM: swap monsters
  5085 | Lair:1   | Killed a black mamba
  5707 | Lair:2   | Reached skill level 9 in Armour
  5734 | Lair:2   | XOM: cast spell 'Tukima's Dance'
  5813 | Lair:2   | Noticed a black mamba
  5813 | Lair:2   | XOM: confuse monster(s)
  5823 | Lair:2   | Killed a black mamba
  5823 | Lair:2   | Reached XP level 10. HP: 86/86 MP: 9/9
  5906 | Lair:2   | XOM: vitrification
  6080 | Lair:2   | Noticed a spiny frog
  6087 | Lair:2   | Killed a spiny frog
  6175 | Lair:2   | XOM: god gift: iron wand {god gift}
  6204 | Lair:2   | XOM: vitrification
  6208 | Lair:2   | XOM: mild Divn miscast
  6281 | Lair:3   | Noticed therealpatrickswayze's ghost (powerful FoFi)
  6282 | Lair:3   | XOM: divination: detect creatures
  6405 | D:9      | XOM: swap weapons
  6408 | D:8      | XOM: confusion (+ monsters)
  6409 | D:8      | XOM: potion effect (brilliance)
  6418 | D:8      | Killed a six-headed hydra
  6491 | D:8      | XOM: confuse monster(s)
  6539 | D:9      | XOM: silly message
  6613 | D:9      | Gained mutation: You are partially covered in thin metallic scales (AC +2). [mutagenic meat]
  6614 | D:9      | Gained mutation: You possess an exceptional clarity of mind. [mutagenic meat]
  6615 | D:9      | Gained mutation: Your body is slowly deteriorating. [mutagenic meat]
  6643 | D:9      | Found a shadowy altar of Dithmenos.
  6658 | D:9      | Reached skill level 10 in Armour
  6820 | D:9      | Reached skill level 5 in Evocations
  6977 | D:9      | XOM: 2-stop teleportation journey
  6991 | D:9      | Reached skill level 10 in Axes
  7003 | D:9      | XOM: cast spell 'Confusing Touch'
  7163 | D:9      | XOM: mild Trmt miscast
  7223 | D:10     | Entered Level 10 of the Dungeon
  7308 | D:10     | XOM: polymorph yak -> komodo dragon
  7309 | D:10     | Reached skill level 10 in Shields
  7318 | D:10     | Reached XP level 11. HP: 79/92 MP: 15/15
  7544 | D:10     | XOM: harmless Conj miscast
  7554 | D:10     | XOM: mild Conj miscast
  7565 | D:10     | XOM: harmless Fire miscast
  7590 | D:10     | Noticed Nergalle
  7592 | D:10     | Noticed a spectral orc warlord
  7613 | D:10     | XOM: destruction
  7616 | D:10     | XOM: noise
  7622 | D:10     | XOM: silly message
  7833 | D:10     | XOM: summons friendly shadow imp
  7872 | D:10     | XOM: god gift: paperback book {god gift}
  8176 | D:10     | XOM: summons 7 friendly demons
  8213 | D:10     | XOM: polymorph crimson imp -> quasit
  8248 | D:10     | XOM: give mutations
  8248 | D:10     | Gained mutation: You are covered in fur (AC +1). [Xom's grace]
  8248 | D:10     | Gained mutation: You can translocate small distances at will. [Xom's grace]
  8248 | D:10     | Gained mutation: You can breathe flames. [Xom's grace]
  8255 | D:10     | Reached skill level 11 in Armour
  8339 | D:10     | Noticed Eustachio
  8347 | D:10     | Killed Eustachio
  8516 | D:11     | Noticed a hill giant
  8529 | D:11     | Killed a hill giant
  8883 | D:11     | XOM: god gift: scroll labeled YBBA NAEFAEMNA
  9016 | D:11     | Got an ancient robe
  9031 | D:11     | Identified the +2 robe of Levity {rC+ rN+ Dex+1 Int-3} (You found it on level 11 of the Dungeon)
  9140 | D:11     | XOM: 1-stop teleportation journey
  9175 | D:11     | Found a staircase to the Orcish Mines.
  9529 | D:12     | XOM: 6-stop teleportation journey
  9551 | D:12     | Noticed a centaur warrior
  9563 | D:12     | Killed a centaur warrior
  9581 | D:12     | XOM: god gift: 18 poisoned sling bullets
  9625 | D:12     | Killed an unseen horror
  9653 | D:12     | Reached skill level 12 in Armour
  9683 | D:12     | Noticed Fannar
  9692 | D:12     | XOM: give mutations
  9692 | D:12     | Lost mutation: You have sharp toenails. [Xom's mischief]
  9692 | D:12     | Gained mutation: Your body is deteriorating. [Xom's mischief]
  9694 | D:12     | Killed Fannar
  9757 | D:12     | Found a labyrinth entrance.
  9771 | D:12     | Found Phipp's Assorted Antiques.
  9777 | Lab      | Entered a labyrinth
  9897 | Lab      | Noticed a minotaur
  9905 | Lab      | XOM: summons 5 friendly demons
  9910 | Lab      | XOM: summons friendly iron imp
  9911 | Lab      | XOM: divination: magic mapping
  9920 | Lab      | Killed a minotaur
  9920 | Lab      | Reached XP level 12. HP: 52/100 MP: 20/20
  9927 | Lab      | Got an ancient hand axe
  9927 | Lab      | Got a bloodstained plate armour
  9950 | Lab      | Identified the cursed -5 plate armour of the Vestibule of Hell {Str+3 Int+2 Curse} (You took it off a minotaur in a labyrinth)
  9975 | Lab      | Identified the +7,+8 hand axe of Earthquakes {chop, Dex+4} (You took it off a minotaur in a labyrinth)
 10144 | D:12     | XOM: god gift: 13 arrows of frost
 10145 | D:12     | XOM: vitrification
 10342 | Lair:1   | XOM: summons 5 hostile shadow creatures
 10459 | Lair:3   | Noticed an eight-headed hydra
 10554 | Lair:3   | XOM: polymorph fire drake -> goliath beetle
 10677 | Lair:3   | XOM: enchant monster (good)
 10704 | Lair:3   | Killed a nine-headed hydra
 10879 | Lair:3   | XOM: god gift: scroll of enchant weapon I
 10884 | Lair:3   | XOM: harmless Conj miscast
 10963 | Lair:4   | XOM: harmless Fire miscast
 11130 | Lair:4   | XOM: swap monsters
 11136 | Lair:4   | XOM: blink monster(s)
 11145 | Lair:4   | XOM: silly message
 11165 | Lair:4   | XOM: silly message
 11561 | Lair:5   | Got a steaming steel amulet
 11561 | Lair:5   | XOM: 10-stop teleportation journey
 11717 | Lair:5   | XOM: harmless Necr miscast
 11750 | Lair:5   | Reached skill level 13 in Armour
 11787 | Lair:5   | XOM: summons friendly white imp
 12135 | Lair:5   | XOM: enchant monster (bad)
 12179 | Lair:5   | Noticed a four-headed hydra
 12186 | Lair:5   | Killed a four-headed hydra
 12322 | Lair:6   | Found a staircase to the Snake Pit.
 12334 | Lair:6   | Noticed Qrupt's ghost (powerful DsCK)
 12338 | Lair:6   | XOM: summons friendly iron imp
 12381 | Lair:6   | Noticed Rupert
 12390 | Lair:6   | Killed Rupert
 12449 | Lair:6   | Reached XP level 13. HP: 101/105 MP: 24/24
 12471 | Lair:6   | XOM: enchant monster (bad)
 12476 | Lair:6   | XOM: 1-stop teleportation journey
 12508 | Lair:6   | XOM: harmless Divn miscast
 12522 | Lair:6   | Killed Qrupt's ghost
 12672 | Lair:6   | XOM: 5-stop teleportation journey
 12856 | Lair:7   | Noticed Snorg
 12866 | Lair:7   | XOM: enchant monster (good)
 12874 | Lair:6   | XOM: summons 6 friendly demons
 12888 | Lair:6   | Killed Snorg
 13128 | Lair:6   | XOM: god gift: scroll of blinking
 13239 | Lair:7   | Found a staircase to the Slime Pits.
 13356 | Lair:7   | XOM: summons 6 friendly demons
 13383 | Lair:7   | Reached skill level 10 in Evocations
 13391 | Lair:7   | XOM: polymorph plant -> oklob plant
 13410 | Lair:7   | Got a fine marble ring
 13432 | Lair:7   | XOM: summons friendly crimson imp
 13469 | Lair:6   | Killed a ghost moth
 13469 | Lair:6   | Reached skill level 14 in Armour
 13585 | Lair:3   | Killed therealpatrickswayze's ghost
 13795 | Lair:8   | Entered Level 8 of the Lair of Beasts
 13803 | Lair:8   | XOM: divination: magic mapping
 13974 | Lair:8   | XOM: 4-stop teleportation journey
 13983 | Lair:8   | XOM: noise
 13985 | Lair:8   | XOM: divination: magic mapping
 13990 | Lair:8   | XOM: divination: detect items
 14095 | Lair:8   | XOM: divination: detect items
 14175 | Lair:8   | XOM: silly message
 14180 | Lair:8   | XOM: mild Fire miscast
 14198 | Lair:8   | XOM: divination: detect items
 14206 | Lair:8   | XOM: harmless Fire miscast
 14220 | Lair:8   | XOM: blink monster(s)
 14224 | Lair:8   | Reached XP level 14. HP: 78/113 MP: 26/26
 14229 | Lair:8   | XOM: mild Divn miscast
 14231 | Lair:8   | XOM: 1-stop teleportation journey
 14246 | Lair:8   | XOM: mild Trmt miscast
 14258 | Lair:8   | XOM: harmless Trmt miscast
 14388 | Lair:8   | XOM: polymorph hound -> iguana
 14486 | Lair:8   | XOM: mild Pois miscast
 14499 | Lair:8   | XOM: enchant monster (bad)
 14548 | Lair:8   | Got a scintillating golden ring
 14602 | Lair:8   | XOM: harmless Chrm miscast
 14913 | Lair:8   | XOM: confuse monster(s)
 14926 | Lair:8   | Reached skill level 15 in Armour
 14927 | Lair:8   | XOM: enchant monster (good)
 14933 | Lair:8   | XOM: confuse monster(s)
 14939 | Lair:8   | XOM: noise
 15017 | Lair:8   | XOM: summons friendly ufetubus
 15096 | Lair:8   | XOM: summons 5 friendly demons
 15134 | Lair:8   | Identified the amulet of Dishonour {Gourm rElec rC+} (You found it on level 5 of the Lair of Beasts)
 15262 | Lair:8   | XOM: summons friendly crimson imp
 15316 | Lair:8   | XOM: mild Hex miscast
 15451 | Lair:8   | XOM: give mutations
 15451 | Lair:8   | Gained mutation: You are surrounded by a mild repulsion field (EV +2). [Xom's grace]
 15451 | Lair:8   | Gained mutation: You can spit moderately strong poison. [Xom's grace]
 15451 | Lair:8   | Gained mutation: Your mind is acute. (Int +2) [Xom's grace]
 15663 | Lair:8   | XOM: enchant monster (good)
 15682 | Lair:8   | XOM: 4-stop teleportation journey
 15744 | Lair:8   | Reached skill level 15 in Axes
 15945 | Lair:8   | XOM: god gift: potion of poison
 15993 | Lair:8   | Upgraded the game from 0.15-a0-110-gb05c47c to 0.15-a0-134-gcf47855
 15993 | Lair:8   | Identified the ring "Letsocs" {Str+2 Int+5} (You found it on level 7 of the Lair of Beasts)
 16349 | Lair:7   | XOM: god gift: scroll of teleportation
 16477 | Lair:4   | XOM: 8-stop teleportation journey
 16788 | D:10     | XOM: silly message
 16878 | D:10     | Killed Nergalle
 16968 | D:12     | XOM: divination: magic mapping
 17058 | D:12     | Paralysed by a giant eyeball for 2 turns
 17145 | D:12     | XOM: 7-stop teleportation journey
 17172 | D:12     | Reached skill level 15 in Shields
 17334 | D:12     | Upgraded the game from 0.15-a0-134-gcf47855 to 0.15-a0-2151-gce93697
 17336 | D:12     | Quit the game

Action                   |  1- 3 |  4- 6 |  7- 9 | 10-12 | 13-15 || total
-------------------------+-------+-------+-------+-------+-------++-------
Melee: Mace              |   105 |    73 |    16 |       |       ||   194
       War axe           |       |       |   241 |   606 |   808 ||  1655
       Broad axe         |       |       |       |    21 |       ||    21
 Abil: Spit Poison       |       |       |     1 |       |       ||     1
       Evoke Jump Attack |       |       |       |     2 |       ||     2
Evoke: Wand              |       |    10 |    12 |    46 |    27 ||    95
       Fan of gales      |       |       |       |     2 |     1 ||     3
       Phial of floods   |       |       |       |     2 |       ||     2
  Use: Scroll            |       |     4 |    12 |    19 |     9 ||    44
       Potion            |       |     2 |     3 |    12 |     7 ||    24
 Stab: Distracted        |       |       |       |       |     2 ||     2
       Petrified         |       |       |       |       |     1 ||     1
       Paralysed         |       |       |       |       |     3 ||     3
       Confused          |       |       |       |       |     2 ||     2
